 Dungeon Crawl Stone Soup version 0.30-a0-757-ga6a79fd877 (webtiles) character file.

Game seed: 7673036032130071975

111 hikkokomori the Digger (level 4, -8/25 HPs)
             Began as a Gargoyle Earth Elementalist on Feb 10, 2023.
             Mangled by Menkaure (22 damage)
             ... on level 3 of the Dungeon.
             The game lasted 00:02:48 (3323 turns).

hikkokomori the Digger (GrEE)                       Turns: 3323, Time: 00:02:49

Health: -8/25      AC:  5    Str: 11    XL:     4   Next: 92%
Magic:  3/7        EV: 12    Int: 18    God:
Gold:   184        SH:  0    Dex: 10    Spells: 1/7 levels left

rFire   . . .      SeeInvis +    (no weapon)
rCold   . . .      Faith    .    (no shield)
rNeg    + . .      Spirit   .    a - +0 robe
rPois   ∞          Reflect  .    (no helmet)
rElec   +          Harm     .    (no cloak)
rCorr   .          Rampage  .    (no gloves)
Will    .....                    (no boots)
Stlth   ++                       d - amulet of the acrobat
HPRegen 0.24/turn                g - ring of see invisible
MPRegen 0.10/turn                (no ring)

@: no status effects
A: sickness immunity, AC +3, negative energy resistance 1, electricity
resistance, torment resistance 1, petrification resistance
a: no special abilities


You were on level 3 of the Dungeon.
You visited 1 branch of the dungeon, and saw 4 of its levels.

You collected 184 gold pieces.

Inventory:

Armour
 a - a +0 robe (worn)
Jewellery
 d - an amulet of the acrobat (around neck)
 g - a ring of see invisible (left hand)
 j - a ring of ice
 m - a +6 ring of strength
Wands
 t - a wand of polymorph (12)
Scrolls
 c - 2 scrolls of fear {unknown}
 e - 5 scrolls of identify {unknown}
 f - a scroll of teleportation {unknown}
 i - 2 scrolls of immolation {unknown}
 k - a scroll of torment {unknown}
 n - a scroll of noise {unknown}
 o - a scroll of magic mapping {unknown}
 q - a scroll of vulnerability {unknown}
 s - 2 scrolls of enchant armour {unknown}
 u - a scroll of acquirement {unknown}
Potions
 b - 2 potions of magic
 h - 3 potions of curing {unknown}
 l - a potion of flight {unknown}
 p - a potion of brilliance {unknown}
 r - a potion of heal wounds {unknown}


   Skills:
 + Level 1.6 Fighting
 - Level 1.8 Dodging
 + Level 3.3 Stealth
 - Level 2.2 Spellcasting
 + Level 1.4 Conjurations
 - Level 1.1 Transmutations
 + Level 4.4 Earth Magic


You had one spell level left.
You knew the following spells:

 Your Spells              Type           Power      Damage    Failure   Level
a - Sandblast             Erth           36%        2d10      2%          1
b - Passwall              Tmut/Erth      10%        N/A       9%          2
c - Stone Arrow           Conj/Erth      24%        3d8       16%         3

Your spell library contained the following spells:

 Spells                   Type           Power      Damage    Failure   Level
 Magic Dart               Conj           28%        1d4       10%         1
 Call Imp                 Summ           2%         N/A       26%         2
 Hailstorm                Conj/Ice       4%         3d4       36%         3
 Mephitic Cloud           Conj/Pois/Air  3%         N/A       41%         3
 Inner Flame              Hex/Fire       2%         N/A       47%         3
 Petrify                  Tmut/Erth      12%        N/A       50%         4
 Ice Form                 Ice/Tmut       4%         N/A       80%         4
 Cause Fear               Hex            1%         N/A       87%         4
 Simulacrum               Ice/Necr       1%         N/A       100%        6
 Discord                  Hex            1%         N/A       100%        8


Dungeon Overview and Level Annotations

Branches:
Dungeon (4/15)
 Temple: D:4-7

Altars:
Sif Muna

Shops:
D:1 ?

Annotations:
D:3 Menkaure


Innate Abilities, Weirdness & Mutations

You are immune to sickness and miasma.
Your stone body is resilient. (AC +3)
You are immune to poison.
You resist negative energy. (rN+)
You are resistant to electric shocks. (rElec)
You are resistant to unholy torment.
You are immune to petrification.


Message History

There is a stone staircase leading up here.
There are monsters nearby!
The blast of sand hits the jelly!
The jelly is heavily wounded.
A jelly comes into view.
Menkaure gestures ominously.
The blast of sand hits the jelly!
You kill the jelly!
The orc priest looks encouraged for a moment.
An adder comes into view.
Menkaure mumbles some strange words.
Menkaure seems to speed up.
The adder hisses angrily.
The blast of sand hits the orc.
The orc is severely wounded.
The orc hits you with a +0 club. The orc misses you.
Menkaure calls on the powers of darkness!
Your body is wracked with pain!
The hobgoblin convulses!
The adder closely misses you.
You climb upwards.
There is a stone staircase leading down here.
Casting: Sandblast (safe; 2% risk of failure)
Confirm with . or Enter, or press ? or * to list all spells.
Aiming: Sandblast (safe; 2% risk of failure)
Press: ? - help, Shift-Dir - straight line, f - orc
Aim: an orc, wielding a +0 club (severely wounded, 82% to hit)
The blast of sand misses the orc.
Menkaure closely misses you. The orc hits you with a +0 club.
Menkaure hits you but does no damage. The orc barely misses you.
Casting: Sandblast (safe; 2% risk of failure)
Confirm with . or Enter, or press ? or * to list all spells.
Aiming: Sandblast (safe; 2% risk of failure)
Press: ? - help, Shift-Dir - straight line, f/p - orc
Aim: an orc, wielding a +0 club (severely wounded, 82% to hit)
The blast of sand hits the orc!
You kill the orc!
Menkaure hits you!!
Ouch! That really hurt!
You die...

#.###.#.........#.......#..##..#.
#..##.#.......).#.......#......#.
##.##.#......<.[.).............#.
##.##.#.........#......>.........
..#...#................######....
..###.#.).....###..#.#.# ##.##
### #.######### #......# #.#
..###.# ####..#.### #.#
..#..#########.M@)...#########.##
.....##.....##.##..#.........#.#.
.....##.###.#..#######.......#.#.
...###..# #.#.## #.......#.#.
#....##.# #.#.# ##############.##
#..†.#### #.#.# #......# #.#
###.....# #.#.# #.####.# #.#
#.......# #.#.# #.##...#######.##
#.....### #.#.# #.##.#)#.#.....##


You could see Menkaure (fast).

Vanquished Creatures
  A jelly (D:4)
  2 adders
  2 worms (D:2)
  An orc (D:3)
  A ball python (D:1)
  11 endoplasms
  2 giant cockroaches (D:1)
  7 goblins
  2 hobgoblins
  2 jackals (D:3)
  10 kobolds
  3 quokkas
  4 bats
  A frilled lizard (D:2)
  3 rats (D:1)
52 creatures vanquished.

Vanquished Creatures (others)
  54 plants (D:1)
54 creatures vanquished.

Grand Total: 106 creatures vanquished

Notes
Turn   | Place    | Note
-------+----------+-------------------------------------------
     0 | D:1      | hikkokomori the Gargoyle Earth Elementalist began the quest
                  | for the Orb.
     0 | D:1      | Reached XP level 1. HP: 10/10 MP: 3/3
   312 | D:1      | Reached skill level 1 in Transmutations
   312 | D:1      | Reached XP level 2. HP: 15/15 MP: 3/5
   317 | D:1      | Noticed an eye of devastation
   319 | D:1      | Found a faded altar of an unknown god.
   321 | D:1      | Noticed a shining eye
   425 | D:1      | Noticed a shining eye
   441 | D:1      | Found Gazal's Magic Scroll Shoppe.
   713 | D:1      | Noticed a floating eye
   857 | D:1      | Reached XP level 3. HP: 19/19 MP: 3/6
   992 | D:1      | Learned a level 2 spell: Passwall
   996 | D:1      | Learned a level 3 spell: Stone Arrow
  1240 | D:2      | Reached skill level 4 in Earth Magic
  1680 | D:2      | Found a shimmering blue altar of Sif Muna.
  2362 | D:3      | Reached skill level 1 in Fighting
  2375 | D:3      | Reached XP level 4. HP: 25/25 MP: 5/7
  2727 | D:3      | Reached skill level 1 in Conjurations
  3316 | D:4      | Noticed Menkaure
  3323 | D:3      | Mangled by Menkaure

Illustrated notes

Levels and vault maps discovered:
D:1:      roderic_crop_circles_arrival_small, layout_basic,
          hellmonk_ecumenical_altar_watching_god, serial_shops,
          nicolae_shop_hallway_stairs, hangedman_abyss_or_decor_lesser_grid
D:2:      kennysheep_big_flooded_room, layout_loops_corners, basic_altar,
          serial_glass, glass_columns_c, glass_columns_a, grunt_ministairs_5,
          uniq_crazy_yiuf_cottage
D:3:      layout_loops_cross, serial_co_window_serial, co_window_paths_a,
          co_window_paths_b, co_window_paths_a, co_window_corner_a,
          co_window_corner_a, co_window_of_opportunity_b, co_window_2corner,
          co_window_broadway_a, co_window_of_opportunity_c,
          co_window_unsneaky_path_b, co_window_corner_cb, glass_columns_a,
          hangedman_decor_push
D:4:      layout_cave_pools, minmay_temple_entry_drinking_statues,
          ebering_ghost_sewer_f, kennysheep_nondescript, uniq_menkaure,
          uniq_ijyb, uniq_edmund

Skill      XL: |  1  2  3  4 |
---------------+-------------+-----
Transmutations | 1 |  1.1
Earth Magic    | 4 |  4.4
Stealth        | 3 |  3.3
Fighting       | 1 |  1.6
Conjurations   | 1 |  1.4
Dodging        | |  1.8
Spellcasting   | |  2.2

Action                     |  1- 3 |  4- 6 || total
---------------------------+-------+-------++-------
  Melee: Unarmed           |     5 |       ||     5
   Cast: Sandblast         |    59 |    19 ||    78
 Armour: Robe              |    13 |     1 ||    14
  Dodge: Dodged            |    28 |     5 ||    33

Table legend: (Time is in decaauts)
 A = Elapsed time spent in this place.
 B = Non-inter-level travel time spent in this place.
 C = Inter-level travel time spent in this place.
 D = Time resting spent in this place.
 E = Time spent auto-exploring this place.
 F = Levels seen in this place.
 G = Mean time per level.
                   A        B        C        D        E       F      G
               +--------+--------+--------+--------+--------+-----+--------+
         Total |   3360 |   3281 |     79 |      0 |   2971 |   4 |  840.0 |
       Dungeon |   3360 |   3281 |     79 |      0 |   2971 |   4 |  840.0 |
               +--------+--------+--------+--------+--------+-----+--------+

Top non-repeatable levels by time:
     D:2: 1227 daAuts
     D:3: 1096 daAuts
     D:1: 1030 daAuts
     D:4: 6 daAuts
